 Dungeon Crawl Stone Soup version 0.19.0-19-g8c6edcc (webtiles) character file.

5910 HungrySpirit the Cleaver (level 10, -15/83 HPs)
             Began as a Mummy Gladiator on Nov 13, 2016.
             Was an Initiate of Gozag.
             Demolished by Snorg (17 damage)
             ... on level 10 of the Dungeon.
             The game lasted 00:16:49 (10913 turns).

HungrySpirit the Cleaver (Mummy Gladiator)         Turns: 10913, Time: 00:16:50

Health: -15/83     AC:  8    Str: 21    XL:     10   Next: 53%
Magic:  10/10      EV: 12    Int:  9    God:    Gozag
Gold:   1078       SH:  0    Dex: 12    Spells: 0 memorised, 9 levels left

rFire  x . .     SeeInvis .     h - +3 hand axe (freeze)
rCold  + + +     Gourm    .     s - +3 leather armour of Gestures {rC+ MR+}
rNeg   + + +     Faith    .     (no shield)
rPois  ∞         Spirit   .     c - +0 helmet
rElec  .         Reflect  .     (no cloak)
rCorr  .         Harm     .     j - +0 pair of gloves
MR     ++...                    (no boots)
Stlth  +.........               (no amulet)
                                u - +4 ring of slaying
                                e - ring of protection from cold

@: no status effects
A: no food or potions, fire vulnerability, cold resistance 1, negative energy
resistance 3, torment resistance, unbreathing
a: Potion Petition, Call Merchant, Bribe Branch, Renounce Religion


You were on level 10 of the Dungeon.
You worshipped Gozag.
Gozag was most pleased with you.
You were not hungry.

You visited 2 branches of the dungeon, and saw 11 of its levels.
You also visited: Ossuary and Bailey.

You collected 1187 gold pieces.
You paid 109 gold pieces to Gozag.

Inventory:

Hand Weapons
 a - a +0 war axe
 h - a +3 hand axe of freezing (weapon)
Missiles
 d - 2 throwing nets (quivered)
Armour
 c - a +0 helmet (worn)
 f - a +0 plate armour
 j - a +0 pair of gloves (worn)
 s - the +3 leather armour of Gestures (worn) {rC+ MR+}
   (You found it on level 5 of the Dungeon)

   It protects you from cold.
   It affects your resistance to hostile enchantments.
Jewellery
 e - a ring of protection from cold (left hand)
 u - a +4 ring of slaying (right hand)
Wands
 m - a wand of lightning (3/15)
 o - a wand of flame (12/48)
 r - a wand of acid (6/15)
 x - a wand of enslavement (12/24)
 z - a wand of polymorph (6/24)
 A - a wand of hasting (2/9)
Scrolls
 b - 2 scrolls of remove curse
 g - 9 scrolls of teleportation
 i - 2 scrolls of fog {unknown}
 k - 13 scrolls of identify
 l - 2 scrolls of enchant weapon {unknown}
 n - a scroll of amnesia {unknown}
 p - 3 scrolls of noise {unknown}
 q - 3 scrolls of random uselessness {unknown}
 t - 2 scrolls of vulnerability {unknown}
 v - a scroll of enchant armour {unknown}
 w - a scroll of blinking {unknown}
 y - a scroll of fear {unknown}


   Skills:
 + Level 9.5 Fighting
 * Level 11.1 Axes
 - Level 1.5 Throwing
 - Level 2.4 Dodging


You had 9 spell levels left.
You didn't know any spells.

Dungeon Overview and Level Annotations

Branches:
Dungeon (10/15)            Temple (1/1) D:6            Lair (0/6) D:8
    Orc: D:9-12

Altars:
Dithmenos
Elyvilon
Gozag
Makhleb
Nemelex Xobeh
Trog
Yredelemnul
Zin

Annotations:
D:5 Frank's ghost, novice GrGl
D:10 Snorg


Innate Abilities, Weirdness & Mutations

You do not eat or drink.
Your flesh is vulnerable to fire.
You are immune to poison.
Your flesh is cold resistant. (rC+)
You are immune to negative energy. (rN+++)
You are immune to unholy pain and torment.
You can survive without breathing.


Message History

You slash Snorg! You freeze Snorg.
Snorg is moderately wounded.
Snorg bites you! Snorg claws you! x2
You hit Snorg but do no damage.
Snorg is moderately wounded.
Snorg bites you but does no damage. Snorg misses you. Snorg claws you!
* * * LOW HITPOINT WARNING * * *
Evoke which item? (* to show all) (? for menu, Esc to quit)
Okay, then. [a] - 0 gold - heal wounds [b] - 0 gold - haste, agility and flight [c] - 0 gold - resistance, might, agility, haste and flight Purchase which effect?
You feel much better. Snorg completely misses you. Snorg claws you! x2
* * * LOW HITPOINT WARNING * * *
Snorg bites you!!
* * * LOW HITPOINT WARNING * * *
Snorg claws you but does no damage. Snorg claws you!
You die...
Your body crumbles into a pile of gold.

......# #.##.#.#.#
......### #.#.#.#
.#......#.##.#.#.#
.#.####.#.##.#.#.#
.#.# #.#.##.#.#.#
.#.# #.#.##.#.#.#
.#.# #.#.##.#.#.#
.#.# #.#.##.#.#.#
.#.####.#.##.#.#@#
.............#.#T#
.#.............#.#
.###############.#
........) ..#
.######## ### .#
##


You could see Snorg (berserk).

Vanquished Creatures
  The ghost of mopl the Covert, a novice SpWn of Ashenzari (D:9)
  Pikel (D:4)
  Joseph (D:10)
  Prince Ribbit (D:7)
  A two-headed ogre (D:9)
  A hippogriff (D:8)
  Eustachio (D:4)
  Duvessa (D:4)
  2 ice beasts
  2 phantoms
  4 orc warriors
  2 necrophages
  6 ogres
  2 centaurs
  2 big kobolds
  2 elf zombies (Ossuary)
  4 bullfrogs
  Dowan (D:4)
  3 scorpions
  3 wights (D:6)
  4 crimson imps
  A bullfrog zombie (D:7)
  2 centaur zombies (Ossuary)
  2 hounds (D:7)
  4 jellies
  9 orc wizards
  A bullfrog skeleton (D:8)
  4 orc priests
  2 human zombies (Ossuary)
  2 iguanas
  4 worker ants
  A hound zombie (D:8)
  A hound skeleton (D:5)
  2 mummies (Ossuary)
  A worker ant zombie (D:6)
  3 gnolls (D:7)
  2 river rats (D:6)
  11 adders
  3 shadow imps
  7 oozes
  3 adder skeletons
  An adder zombie (D:9)
  2 worms
  A dart slug (D:2)
  5 leopard geckos
  18 orcs
  7 giant cockroaches
  14 goblins
  7 hobgoblins
  A jackal (D:5)
  22 kobolds
  2 quokkas
  2 ball pythons
  4 bats (D:1)
  7 frilled lizards
  A giant cockroach zombie (D:6)
  2 goblin zombies (Ossuary)
  5 hobgoblin zombies (Ossuary)
  12 kobold zombies (Ossuary)
  A leopard gecko skeleton (D:5)
  A leopard gecko zombie (D:6)
  10 orc zombies (Ossuary)
  8 rats
  A rat zombie (Ossuary)
244 creatures vanquished.

Vanquished Creatures (others)
  A bat (D:2)
  A frilled lizard (D:4)
2 creatures vanquished.

Grand Total: 246 creatures vanquished

Notes
Turn   | Place    | Note
-------+----------+-------------------------------------------
     0 | D:1      | HungrySpirit the Mummy Gladiator began the quest for the Orb.
     0 | D:1      | Reached XP level 1. HP: 16/16 MP: 1/1
   261 | D:1      | Reached XP level 2. HP: 17/22 MP: 2/2
   940 | D:1      | Reached skill level 3 in Axes
   944 | D:2      | Reached XP level 3. HP: 21/28 MP: 3/3
  1147 | D:2      | Reached XP level 4. HP: 28/35 MP: 4/4
  1751 | D:3      | Reached skill level 4 in Axes
  1751 | D:3      | Reached XP level 5. HP: 37/41 MP: 5/5
  2040 | D:4      | Noticed Duvessa
  2040 | D:4      | Noticed Dowan
  2058 | D:4      | Killed Duvessa
  2058 | D:4      | Reached XP level 6. HP: 21/48 MP: 6/6
  2058 | D:4      | Killed Dowan
  2058 | D:4      | Reached skill level 5 in Axes
  2503 | D:4      | Noticed Eustachio
  2554 | D:5      | Entered Level 5 of the Dungeon
  2697 | D:4      | Killed Eustachio
  2697 | D:4      | Reached skill level 5 in Fighting
  2697 | D:4      | Reached XP level 7. HP: 44/56 MP: 7/7
  3001 | D:4      | Noticed Pikel
  3043 | D:4      | Killed Pikel
  3043 | D:4      | Reached skill level 6 in Axes
  3043 | D:4      | Reached XP level 8. HP: 42/64 MP: 8/8
  3761 | D:5      | Noticed Frank's ghost (novice GrGl)
  3959 | D:5      | Reached skill level 7 in Axes
  5040 | D:5      | Reached skill level 8 in Axes
  5365 | D:5      | Got a brightly glowing leather armour
  5378 | D:5      | Identified the +3 leather armour of Gestures {rC+ MR+} (You found it on level 5 of the Dungeon)
  5741 | D:6      | Reached XP level 9. HP: 42/72 MP: 9/9
  6079 | D:6      | Found a staircase to the Ecumenical Temple.
  6469 | Temple   | Entered the Ecumenical Temple
  6542 | Temple   | Became a worshipper of Gozag Ym Sagoz the Greedy
  6784 | D:7      | Noticed Prince Ribbit
  6793 | D:7      | Killed Prince Ribbit
  6793 | D:7      | Reached skill level 9 in Axes
  6899 | D:7      | Found a sand-covered staircase.
  6916 | Ossuary  | Entered an ossuary
  7613 | D:8      | Got a transparent platinum ring
  7615 | D:8      | Identified the ring "Quyliow" {+Fly Int+3 Dex-2 Stlth-} (You found it on level 8 of the Dungeon)
  7822 | D:8      | Found a staircase to the Lair.
  7875 | D:8      | Found a flagged portal.
  7888 | Bailey   | Entered a bailey
  7920 | Bailey   | Reached skill level 10 in Axes
  8618 | D:8      | Reached XP level 10. HP: 75/82 MP: 10/10
 10164 | D:9      | Noticed mopl's ghost (novice SpWn)
 10172 | D:9      | Killed mopl's ghost
 10268 | D:10     | Entered Level 10 of the Dungeon
 10269 | D:10     | Noticed Joseph
 10401 | D:10     | Killed Joseph
 10401 | D:10     | Reached skill level 11 in Axes
 10905 | D:10     | Noticed Snorg
 10913 | D:10     | HP: 2/83 [Snorg (19)]
 10913 | D:10     | Demolished by Snorg

Skill      XL: |  1  2  3  4  5  6  7  8  9 10 |
---------------+-------------------------------+-----
Axes           | 3 4 5 6 8 10 11 | 11.1
Fighting       | 3 4 5 7 8 9 |  9.5
Throwing       | |  1.5
Dodging        | |  2.4

Action                   |  1- 3 |  4- 6 |  7- 9 | 10-12 || total
-------------------------+-------+-------+-------+-------++-------
Melee: War axe           |    75 |   171 |   182 |       ||   428
       Hand axe          |       |       |   284 |   112 ||   396
Throw: Throwing net      |       |       |     1 |       ||     1
Invok: Potion Petition   |       |       |       |     1 ||     1
Evoke: Wand              |       |     3 |     3 |       ||     6
  Use: Scroll            |       |       |       |     3 ||     3
 Stab: Distracted        |       |       |     3 |       ||     3
Armor: Leather armour    |    27 |       |    92 |    15 ||   134
       Chain mail        |       |   177 |    69 |       ||   246
Dodge: Dodged            |    71 |   101 |   260 |    55 ||   487
